 Dungeon Crawl Stone Soup version 0.32-a0-986-ga09f62fbf4 (webtiles) character file.

Game seed: 14614173800673842655

66 GiantSquids the Changeling (level 4, -8/28 HPs)
             Began as an Octopode Shapeshifter on Apr 22, 2024.
             Killed by nerve-wracking pain
             ... invoked by an orc priest
              (12 damage)
             ... on level 3 of the Dungeon.
             The game lasted 00:03:00 (1959 turns).

GiantSquids the Changeling (Octopode Shapeshifter)  Turns: 1959, Time: 00:03:01

Health: -8/28      AC:  1    Str: 15    XL:     4   Next: 15%
Magic:  4/4        EV: 12    Int: 12    God:
Gold:   105        SH:  0    Dex: 17    Spells: 3/3 levels left

rFire   . .          .
                       - Unarmed
rCold   . . .        (no shield)
rNeg    . . .        (helmet currently unavailable)
rPois   .            (no amulet)
rElec   .            g - +6 ring of dexterity
rCorr   .            (no ring)
SInv    .            (no ring)
Will    .....        (no ring)
Stlth   +++          (no ring)
HPRegen 0.24/turn    (no ring)
MPRegen 0.09/turn    (no ring)
                     (no ring)

%: no passive effects
@: beast-form
A: beast (slay +2), almost no armour, amphibious, 8 rings, camouflage 1,
gelatinous body 1, (nimble swimmer 1), tentacles
a: Begin Untransformation, Convert to Beogh


You were on level 3 of the Dungeon.
You were a hulking beast.
You visited 1 branch of the dungeon, and saw 3 of its levels.

You collected 105 gold pieces.

Inventory:

Jewellery
 g - a +6 ring of dexterity (left tentacle)
Talismans
 b - a beast talisman (active)
 c - a flux talisman
Scrolls
 d - a scroll of identify {unknown}
 h - 3 scrolls of enchant armour {unknown}
 j - a scroll of revelation {unknown}
 m - a scroll of teleportation {unknown}
Potions
 a - a potion of lignification
 e - 2 potions of curing {unknown}
 f - a potion of heal wounds {unknown}
 i - a potion of attraction {unknown}
 k - 2 potions of degeneration {unknown}
 l - a potion of ambrosia {unknown}


   Skills:
 - Level 1.0 Fighting
 - Level 2.0 Dodging
 + Level 2.9 Stealth
 - Level 3.0 Unarmed Combat
 * Level 4.1 Shapeshifting


You had 3 spell levels left.
You didn't know any spells.
Your spell library contained the following spells:

 Spells                   Type           Power      Damage    Failure   Level
 Cigotuvi's Dreadful Rot  Necr/Alch/Air  0%         N/A       45%         2
 Mercury Vapours          Alch/Air       0%         N/A       45%         2
 Inner Flame              Hex/Fire       0%         N/A       69%         3
 Mephitic Cloud           Conj/Alch/Air  0%         N/A       69%         3
 Volatile Blastmotes      Fire/Tloc      0%         2d10      69%         3
 Flame Wave               Conj/Fire      0%         2d4       97%         4
 Fulminant Prism          Conj/Alch      0%         3d5       97%         4
 Ignite Poison            Fire/Alch      0%         N/A       97%         4
 Iskenderun's Mystic Bla Conj/Tloc 0%             2d3        (+2d1     97%         4
 Sticky Flame             Fire/Alch      0%         2d4       97%         4
 Freezing Cloud           Conj/Ice/Air   0%         6-21      100%        5


Dungeon Overview and Level Annotations

Branches:
Dungeon (3/15)

Altars:
Ru

Annotations:
D:2 1 runed translucent door, Crazy Yiuf
D:3 Pargi


Innate Abilities, Weirdness & Mutations

You are a hulking beast.
Your limbs bulge with bestial killing power. (Slay +2)
You cannot wear most types of armour.
You are amphibious.
You can wear up to eight rings at the same time.
Your skin changes colour to match your surroundings (Stealth+).
Your rubbery body absorbs attacks. (AC +1, EV +1)
((You are camouflaged when in or above water. (Stealth+)))
You have tentacles for arms and can constrict up to eight enemies at once.


Message History

Found a ring mail.
A kobold comes into view. It is wielding a +0 short sword.
A quokka and an orc come into view.
Found a scroll labelled MUCUAN CAEQE.
Found a sacrificial altar of Ru.
The helpless goblin fails to defend itself.
You tentacle-slap the goblin.
The kobold shouts!
You grab the goblin. You squeeze the goblin.
You kill the goblin!
The kobold throws a stone.
The stone barely misses you.
Pargi and an adder come into view.
An adder comes into view.
The orc shouts!
You hear a shout! x2
You tentacle-slap the orc. You grab the orc. You squeeze the orc.
You kill the orc!
An orc priest comes into view. It is wielding a +0 club.
You barely miss Pargi. Your squeeze misses Pargi. Pargi bites you.
Pargi claws you. Pargi closely misses you.
You tentacle-slap the orc.
You kill the orc!
An orc comes into view. It is wielding a +0 whip.
Pargi closely misses you. Pargi misses you. Pargi claws you.
The orc priest shouts, "Beogh offers mercy even to people such as you.
Join us and be reborn!" (press Y on the ability menu to convert to Beogh)
You completely miss Pargi. The adder barely misses you.
Pargi barely misses you. Pargi claws you but does no damage.
Pargi barely misses you. The adder closely misses you.
You tentacle-slap Pargi.
Pargi is lightly wounded.
The adder bites you. Pargi bites you! Pargi claws you.
* * * LOW HITPOINT WARNING * * *
Pargi claws you.
* * * LOW HITPOINT WARNING * * *
You tentacle-slap the orc priest. Your grab misses the orc priest.
Your squeeze misses the orc priest.
The orc priest is moderately wounded.
The adder closely misses you.
An orc priest comes into view. It is wielding a +0 club.
The orc priest invokes the aid of Beogh against you.
Pain shoots through your body!
You die...

..........# #..#
##.##.##..###..###
##.##............#
##.##.#.###..#..## #
##.##.#...#..#..##.#
......#...#......#.#.#..
##..............r)..r..S
#####.#.####.###T#.#.#.K
# #.#.# #.# #h#.# #
#.#.# #.#.oS# # # #.#.#
# #..o# # #.#.# .....# #
#.. .....[# #...##?.
##.. ..o ### ###


You could see Pargi, 2 orc priests, an adder, an orc and a quokka.

Vanquished Creatures
  2 adders
  A ribbon worm (D:2)
  3 orcs (D:3)
  3 endoplasms
  A giant cockroach (D:2)
  3 goblins
  6 hobgoblins
  4 jackals (D:2)
  A quokka (D:2)
  5 ball pythons
  3 bats
  2 frilled lizards
  3 kobolds
  2 rats
39 creatures vanquished.

Notes
Turn   | Place    | Note
-------+----------+-------------------------------------------
     0 | D:1      | GiantSquids the Octopode Shapeshifter began the quest for
                  | the Orb.
     0 | D:1      | Reached XP level 1. HP: 13/13 MP: 1/1
   717 | D:2      | Reached skill level 1 in Stealth
   717 | D:2      | Reached XP level 2. HP: 2/18 MP: 2/2
  1198 | D:2      | Reached XP level 3. HP: 15/23 MP: 3/3
  1266 | D:2      | Found a runed translucent door.
  1267 | D:2      | Noticed Crazy Yiuf
  1850 | D:3      | Reached skill level 4 in Shapeshifting
  1937 | D:3      | Reached XP level 4. HP: 28/28 MP: 4/4
  1950 | D:3      | Found a sacrificial altar of Ru.
  1952 | D:3      | Noticed Pargi
  1959 | D:3      | Killed from afar by an orc priest

Illustrated notes

Levels and vault maps discovered:
D:1:      wander_arrival_lonely_grave, layout_basic
D:2:      layout_basic, uniq_crazy_yiuf_cottage
D:3:      layout_loops_ring, nicolae_ru_sacrificial_ziggurat,
          dreamdust_ecumenical_altar_hidden_monk_grotto, uniq_pargi

Skill      XL: |  1  2  3 |
---------------+----------+-----
Stealth        | 1 2 |  2.9
Shapeshifting  | 4 |  4.1
Fighting       | |  1.0
Dodging        | |  2.0
Unarmed Combat | |  3.0

Action                     |  1- 3 |  4- 6 || total
---------------------------+-------+-------++-------
  Melee: Unarmed           |    57 |     7 ||    64
         Constrict         |    20 |     2 ||    22
         Tentacles         |     7 |     2 ||     9
         Punch             |     3 |       ||     3
   Stab: Sleeping          |     9 |     1 ||    10
 Armour: Skin              |    19 |     8 ||    27
  Dodge: Dodged            |    29 |     9 ||    38

Table legend: (Time is in decaauts)
 A = Elapsed time spent in this place.
 B = Non-inter-level travel time spent in this place.
 C = Inter-level travel time spent in this place.
 D = Time resting spent in this place.
 E = Time spent auto-exploring this place.
 F = Levels seen in this place.
 G = Mean time per level.
                   A        B        C        D        E       F      G
               +--------+--------+--------+--------+--------+-----+--------+
         Total |   1954 |   1876 |     78 |      0 |   1646 |   3 |  651.3 |
       Dungeon |   1954 |   1876 |     78 |      0 |   1646 |   3 |  651.3 |
               +--------+--------+--------+--------+--------+-----+--------+

Top non-repeatable levels by time:
     D:2: 1044 daAuts
     D:1: 710 daAuts
     D:3: 199 daAuts
